 Dungeon Crawl Stone Soup version 0.29.1-1-gd02db69 (webtiles) character file.

Game seed: 17104207173655535230

544 Dorkslayer the Chopper (level 7, -1/60 HPs)
             Began as a Hill Orc Fighter on Oct 2, 2022.
             Slain by Duvessa
             ... wielding a +0 rapier
              (16 damage)
             ... on level 4 of the Dungeon.
             The game lasted 00:07:00 (3605 turns).

Dorkslayer the Chopper (Hill Orc Fighter)           Turns: 3605, Time: 00:07:00

Health: -1/60      AC:  7    Str: 21    XL:     7   Next: 27%
Magic:  7/7        EV: 10    Int:  8    God:
Gold:   237        SH:  4    Dex: 10    Spells: 6/6 levels left

rFire   . . .      SeeInvis .   o - +6 hand axe
rCold   + . .      Faith    .   c - +0 buckler
rNeg    . . .      Spirit   .   b - +0 scale mail
rPois   .          Reflect  .   (no helmet)
rElec   .          Harm     .   (no cloak)
rCorr   .          Rampage  .   (no gloves)
Will    .....                   (no boots)
Stlth   ..........              l - amulet of the acrobat
HPRegen 0.20/turn               p - ring of protection from cold
MPRegen 0.10/turn               (no ring)

@: no status effects
A: no striking features
a: no special abilities


You were on level 4 of the Dungeon.
You visited 1 branch of the dungeon, and saw 4 of its levels.

You collected 237 gold pieces.

Inventory:

Hand Weapons
 a - a +0 war axe
 o - a +6 hand axe (weapon)
Missiles
 t - 3 boomerangs (quivered)
Armour
 b - a +0 scale mail (worn)
 c - a +0 buckler (worn)
Jewellery
 l - an amulet of the acrobat (around neck)
 p - a ring of protection from cold (left hand)
Wands
 m - a wand of quicksilver (3)
Scrolls
 e - 2 scrolls of magic mapping {unknown}
 f - a scroll of blinking {unknown}
 h - 2 scrolls of identify {unknown}
 n - a scroll of enchant weapon {unknown}
 s - a scroll of silence {unknown}
 v - a scroll of noise {unknown}
Potions
 d - 2 potions of might
 g - a potion of heal wounds {unknown}
 i - a potion of mutation {unknown}
 j - 2 potions of flight {unknown}
 k - a potion of attraction {unknown}
 r - a potion of haste {unknown}
 u - 2 potions of curing {unknown}


   Skills:
 + Level 4.4 Fighting
 + Level 6.0 Axes
 * Level 1.0 Throwing
 + Level 4.8 Armour
 * Level 2.7 Dodging
 + Level 0.2 Stealth
 + Level 3.7 Shields
 * Level 2.1 Evocations


You had 6 spell levels left.
You didn't know any spells.
Your spell library contained the following spells:

 Spells                   Type           Power      Damage    Failure   Level
 Conjure Flame            Conj/Fire      0%         6-21      99%         3
 Ignite Poison            Fire/Tmut/Pois 0%         N/A       99%         3
 Ozocubu's Armour         Ice            0%         N/A       99%         3
 Sticky Flame             Conj/Fire      0%         2d3       100%        4
 Metabolic Englaciation   Hex/Ice        0%         N/A       100%        5
 Simulacrum               Ice/Necr       0%         N/A       100%        6


Dungeon Overview and Level Annotations

Branches:
Dungeon (4/15)
 Temple: D:4-7

Altars:
Qazlal

Annotations:
D:4 Duvessa


Message History

You hit something. Something hits you but does no damage.
Dowan hits you but does no damage.
Unknown command.
You miss Dowan.
Dowan is almost dead.
You hit something.
Reactivating autopickup.
You feel a bit more experienced.
Dowan points at you and mumbles some strange words.
You resist with some effort. The giant cockroach barely misses you.
You slash Dowan!
You kill Dowan!
Something screams in rage.
You hit the giant cockroach.
You kill the giant cockroach!
Something hits you!
Deactivating autopickup; reactivate with Ctrl-A.
The ball python hisses angrily.
Your Axes skill increases to level 6!
Your Throwing skill increases to level 1!
Things that are here:
a +0 dagger; a +0 robe Throw: 3 boomerangs
Press: ? - help, Q - select action, (/) - cycle Shift-Dir - straight line, f - kobold
Aim: a kobold, wielding a +0 dagger (50% to hit)
You throw a boomerang. Something hits you. x2
Unknown command.
Throw: 3 boomerangs
Press: ? - help, Q - select action, (/) - cycle Shift-Dir - straight line, f/p - kobold
Aim: a kobold, wielding a +0 dagger (50% to hit)
You throw a boomerang.
The boomerang closely misses the kobold.
The boomerang hits the orc.
The orc is heavily wounded.
Something hits you but does no damage. You block something's attack.
You hit something. Something hits you!
* * * LOW HITPOINT WARNING * * *
Something hits you!
You die...

#.# #.######..#.........
#.###.# ##.#..##.....
#...#.#######.#.###...[.
#.#.#.#.........# #..<..
#.......#####...# ##....
###.##.## ##..# ##...
#.##.## #..# #.##
#.##..# ....# #.#
#.###@# .##.# ... #.#
#{# #. .. ..~. #.# #K#
#. #....... #.# #o#
.~ยงยงยงยง #.. .S. ..).o
....... #......o.
#.........


You could see an orc, a ball python and a kobold.

Vanquished Creatures
  A kobold brigand (D:3)
  A scorpion (D:4)
  A wight (D:4)
  Dowan (D:4)
  A hound (D:4)
  Terence (D:2)
  Natasha (twice) (D:4)
  2 orc wizards (D:4)
  A gnoll (D:4)
  3 adders
  An ufetubus (D:4)
  4 dart slugs
  10 orcs (D:4)
  14 ball pythons
  5 bats
  5 endoplasms
  6 giant cockroaches
  11 goblins
  9 hobgoblins
  2 quokkas (D:1)
  19 kobolds
  6 rats
106 creatures vanquished.

Notes
Turn   | Place    | Note
-------+----------+-------------------------------------------
     0 | D:1      | Dorkslayer the Hill Orc Fighter began the quest for the
                  | Orb.
     0 | D:1      | Reached XP level 1. HP: 19/19 MP: 1/1
   270 | D:1      | Reached XP level 2. HP: 27/27 MP: 2/2
   298 | D:1      | Reached skill level 3 in Axes
   336 | D:1      | Noticed an eye of devastation
   338 | D:1      | Noticed a golden eye
   340 | D:1      | Found a faded altar of an unknown god.
   341 | D:1      | Noticed a great orb of eyes
   341 | D:1      | Noticed a floating eye
   348 | D:1      | Reached XP level 3. HP: 33/33 MP: 3/3
   662 | D:1      | Reached skill level 1 in Dodging
  1058 | D:2      | Noticed Terence
  1069 | D:2      | Killed Terence
  1070 | D:2      | Reached skill level 4 in Axes
  1070 | D:2      | Reached XP level 4. HP: 32/40 MP: 4/4
  1793 | D:2      | Reached XP level 5. HP: 41/46 MP: 5/5
  2393 | D:3      | Noticed a kobold brigand
  2410 | D:3      | Killed a kobold brigand
  2411 | D:3      | Reached skill level 5 in Axes
  2411 | D:3      | Reached skill level 1 in Evocations
  2710 | D:4      | Noticed Natasha
  2972 | D:4      | Reached XP level 6. HP: 33/52 MP: 6/6
  3122 | D:4      | Killed Natasha
  3216 | D:4      | Found a stormy altar of Qazlal.
  3526 | D:4      | Noticed Natasha
  3535 | D:4      | Killed Natasha
  3536 | D:4      | Reached XP level 7. HP: 54/60 MP: 7/7
  3584 | D:4      | Noticed Duvessa
  3585 | D:4      | Noticed Dowan
  3601 | D:4      | Killed Dowan
  3602 | D:4      | Reached skill level 6 in Axes
  3602 | D:4      | Reached skill level 1 in Throwing
  3605 | D:4      | Slain by Duvessa

Illustrated notes

Levels and vault maps discovered:
D:1:      minmay_arrival_stair_chambers, layout_loops_cross,
          hellmonk_ecumenical_altar_watching_god, grunt_decor_junction,
          minmay_door_square, minmay_nonomino_d4
D:2:      minmay_kobold_bridge, layout_basic, kennysheep_generic_room_15,
          uniq_terence
D:3:      cheibrodos_thug_alley, layout_basic
D:4:      layout_rooms, trog_hazing_becter, nicolae_qazlal_scattered_showers,
          uniq_duvessa, uniq_natasha

Skill      XL: |  1  2  3  4  5  6  7 |
---------------+----------------------+-----
Axes           | 3 4 5 6 |  6.0
Dodging        | 1 2 |  2.7
Fighting       | 4 |  4.4
Armour         | 4 |  4.8
Evocations     | 1 2 |  2.1
Throwing       | 1 |  1.0
Stealth        | |  0.2
Shields        | |  3.7

Action                   |  1- 3 |  4- 6 |  7- 9 || total
-------------------------+-------+-------+-------++-------
Melee: War axe           |    95 |    69 |       ||   164
       Hand axe          |       |    91 |    16 ||   107
       Unarmed           |       |     2 |     4 ||     6
Throw: Dart              |       |     1 |     4 ||     5
       Boomerang         |       |       |     2 ||     2
Evoke: Wand              |       |       |     1 ||     1
Armor: Scale mail        |    43 |    63 |     7 ||   113
Dodge: Dodged            |    45 |    96 |    11 ||   152
Block: Buckler           |    21 |    41 |     3 ||    65
